 Dungeon Sprint DCSS version 0.19-a0-895-gdbd5520 (webtiles) character file.

408 LORDOFBUTT the Covert (level 6, -1/32 HPs)
             Began as a Spriggan Enchanter on July 4, 2016.
             Was a Believer of Dithmenos.
             Slain by a giant frog (7 damage)
             ... in the Dungeon (Sprint IX: "|||||||||||||||||||||||||||||").
             The game lasted 00:02:39 (530 turns).

LORDOFBUTT the Covert (Spriggan Enchanter)           Turns: 530, Time: 00:02:40

Health: -1/32      AC:  5    Str:  4    XL:     6   Next: 57%
Magic:  12/16      EV: 27    Int: 17    God:    Dithmenos [**....]
Gold:   0          SH:  0    Dex: 21    Spells: 3 memorised, 11 levels left

rFire  . . .     SeeInvis +     q - +2 rapier (distort)
rCold  . . .     Gourm    .     b - +1 robe
rNeg   . . .     Faith    .     (shield restricted)
rPois  .         Spirit   .     (helmet restricted)
rElec  .         Dismiss  .     (no cloak)
rCorr  .         Reflect  .     (gloves unavailable)
SustAt .         Harm     .     (boots unavailable)
MR     +....     NoTele   +     (no amulet)
Stlth  ++++++++..               p - +2 ring of protection
                                o - +3 ring of dexterity

@: wreathed by umbra, very quick, somewhat resistant to hostile enchantments,
extraordinarily stealthy
A: unfitting armour, see invisible, herbivore 3, speed 3, slow metabolism 2
a: Shadow Step, Renounce Religion


You were in the Dungeon.
You worshipped Dithmenos.
Dithmenos was pleased with you.
You were not hungry.

You visited 1 branch

Inventory:

Hand Weapons
 a - a +1 dagger
 q - a +2 rapier of distortion (weapon)
Armour
 b - a +1 robe (worn)
Jewellery
 o - a +3 ring of dexterity (left hand)
 p - a +2 ring of protection (right hand)
Wands
 n - a wand of lightning (7/15)
Scrolls
 j - 3 scrolls of blinking
 l - 3 scrolls of remove curse
 m - 2 scrolls of amnesia
 t - a scroll of fear
 u - 4 scrolls of enchant armour
 v - a scroll of fog
 w - a scroll of recharging
Potions
 e - 7 potions of curing
 f - a potion of cure mutation
 g - a potion of haste
 h - 4 potions of magic
 i - 3 potions of berserk rage
 k - a potion of invisibility
 r - a potion of agility
 s - 2 potions of heal wounds
Books
 c - a book of Maledictions

   Spells                             Type                      Level
   a - Corona                         Hexes                        1
   b - Ensorcelled Hibernation        Hexes/Ice                    2
   c - Confuse                        Hexes                        3
   d - Tukima's Dance                 Hexes                        3
   e - Dazzling Spray                 Conjuration/Hexes            3
Comestibles
 d - a bread ration


   Skills:
 + Level 2.4 Fighting
 + Level 3.7 Short Blades
 + Level 10.0 Dodging
 + Level 13.1 Stealth
 + Level 6.2 Spellcasting
 + Level 8.6 Hexes


You had 11 spell levels left.
You knew the following spells:

 Your Spells              Type           Power        Failure   Level  Hunger
a - Corona                Hex            ####...      1%          1    None
b - Ensorcelled Hibernat  Hex/Ice        ###...       3%          2    None
c - Confuse               Hex            ####....     1%          3    ##.....


Dungeon Overview and Level Annotations

Branches:
Dungeon (1/1)

Altars:
Cheibriados
Dithmenos
Elyvilon
Fedhas
Gozag
Hepliaklqana
Kikubaaqudgha
Makhleb
Nemelex Xobeh
Okawaru
Pakellas
Qazlal
Ru
Sif Muna
Trog
Uskayaw
Vehumet
Xom
Yredelemnul
Zin
The Shining One
Beogh
Jiyva
Lugonu


Innate Abilities, Weirdness & Mutations

You are tiny and cannot use many weapons and most armour.
You have supernaturally acute eyesight. (SInv)
You are a herbivore.
You cover ground extremely quickly.
You need consume almost no food.


Message History

* * * LOW HITPOINT WARNING * * *
The giant frog closely misses you. The giant frog barely misses you.
The water moccasin completely misses you.
You hit the water moccasin.
The water moccasin looks slightly unstable.
The water moccasin is heavily wounded.
The giant frog completely misses you.
The water moccasin completely misses you.
You barely miss the water moccasin.
The water moccasin is heavily wounded.
The giant frog barely misses you.
The water moccasin completely misses you.
The giant frog closely misses you. The water moccasin misses you.
You hit the water moccasin.
Space bends around the water moccasin.
The water moccasin is severely wounded.
The water moccasin disappears!
The giant frog completely misses you.
You hit the porcupine.
The porcupine looks slightly unstable.
The porcupine is lightly wounded.
The giant frog hits you!
You die...

▓.▓.▓'▓
▓.▓.▓.▓
▓.▓.▓†▓
▓.▓.▓.▓
▓)▓.▓.▓
▓[▓.▓.▓
▓.▓.▓'▓
▓F▓.▓_▓
▓@▓.▓_▓
▓r▓.▓_▓
▓.▓.▓_▓
▓'▓.▓_▓
▓.▓.▓_▓
▓.▓.▓_▓
▓.▓.▓_▓
▓.▓.▓_▓
▓.▓.▓_▓


You could see a giant frog and a porcupine.

Vanquished Creatures
  A killer bee (D)
  2 crimson imps (D)
  A hound (D)
  An adder (D)
  A river rat (D)
  An adder skeleton (D)
  2 orcs (D)
  2 bats (D)
  A bat zombie (D)
  A goblin (D)
  A hobgoblin (D)
  A giant gecko skeleton (D)
  A giant newt (D)
  A quokka skeleton (D)
  A rat (D)
18 creatures vanquished.

Vanquished Creatures (others)
  A tengu conjurer (D)
  A troll (D)
2 creatures vanquished.

Grand Total: 20 creatures vanquished

Notes
Turn   | Place    | Note
-------+----------+-------------------------------------------
     0 | D        | LORDOFBUTT the Spriggan Enchanter began the quest for the Orb.
     0 | D        | Reached XP level 1. HP: 9/9 MP: 5/5
     6 | D        | Reached skill level 5 in Stealth
   122 | D        | Reached skill level 6 in Stealth
   126 | D        | Reached skill level 5 in Hexes
   126 | D        | Reached XP level 2. HP: 13/13 MP: 7/7
   147 | D        | Learned a level 2 spell: Ensorcelled Hibernation
   157 | D        | Found a glowing silver altar of Zin.
   157 | D        | Found a glowing golden altar of the Shining One.
   157 | D        | Found an ancient bone altar of Kikubaaqudgha.
   157 | D        | Found a basalt altar of Yredelemnul.
   157 | D        | Found a shimmering altar of Xom.
   157 | D        | Found a radiant altar of Vehumet.
   158 | D        | Found an iron altar of Okawaru.
   159 | D        | Found a burning altar of Makhleb.
   160 | D        | Found a deep blue altar of Sif Muna.
   161 | D        | Found a bloodstained altar of Trog.
   162 | D        | Found a sparkling altar of Nemelex Xobeh.
   163 | D        | Found a white marble altar of Elyvilon.
   164 | D        | Found a roughly hewn altar of Beogh.
   165 | D        | Found a viscous altar of Jiyva.
   166 | D        | Found a corrupted altar of Lugonu.
   167 | D        | Found a blossoming altar of Fedhas.
   168 | D        | Found a snail-covered altar of Cheibriados.
   169 | D        | Found a shadowy altar of Dithmenos.
   170 | D        | Found a stormy altar of Qazlal.
   171 | D        | Found an opulent altar of Gozag.
   172 | D        | Found a sacrificial altar of Ru.
   173 | D        | Found an oddly glowing altar of Pakellas.
   174 | D        | Found a hide-covered altar of Uskayaw.
   175 | D        | Found a hazy altar of Hepliaklqana.
   185 | D        | Became a worshipper of Dithmenos the Shadowed
   224 | D        | Noticed a crimson imp
   224 | D        | Noticed a hippogriff
   224 | D        | Noticed an unseen horror
   224 | D        | Noticed a centaur
   226 | D        | Killed a crimson imp
   226 | D        | Reached skill level 8 in Stealth
   226 | D        | Reached XP level 3. HP: 16/16 MP: 7/9
   233 | D        | Reached * piety under Dithmenos
   233 | D        | Reached skill level 5 in Dodging
   233 | D        | Reached skill level 9 in Stealth
   233 | D        | Reached XP level 4. HP: 4/21 MP: 8/11
   342 | D        | Noticed a troll
   342 | D        | Noticed a tengu conjurer
   344 | D        | Reached skill level 1 in Fighting
   344 | D        | Reached skill level 10 in Stealth
   352 | D        | Banished a troll
   352 | D        | Reached skill level 11 in Stealth
   352 | D        | Reached skill level 5 in Spellcasting
   352 | D        | Reached XP level 5. HP: 26/26 MP: 12/14
   356 | D        | Banished a tengu conjurer
   356 | D        | Reached skill level 12 in Stealth
   356 | D        | Reached XP level 6. HP: 30/30 MP: 13/16
   358 | D        | Reached ** piety under Dithmenos
   367 | D        | Reached skill level 10 in Dodging
   367 | D        | Reached skill level 13 in Stealth
   374 | D        | Learned a level 3 spell: Confuse
   487 | D        | Noticed a hippogriff
   487 | D        | Noticed a basilisk
   487 | D        | Noticed a porcupine
   488 | D        | Noticed a basilisk
   500 | D        | Noticed a water moccasin
   506 | D        | Noticed a porcupine
   530 | D        | Slain by a giant frog

Vault maps used:
D:        linesprint

Skill      XL: |  1  2  3  4  5  6 |
---------------+-------------------+-----
Stealth        | 6 8 9 11 12 13 | 13.1
Hexes          | 5 6 7 8 |  8.6
Spellcasting   | 3 4 5 6 |  6.2
Dodging        | 4 5 8 9 10 | 10.0
Fighting       | 1 2 |  2.4
Short Blades   | 2 3 |  3.7

Action                   |  1- 3 |  4- 6 || total
-------------------------+-------+-------++-------
Melee: Dagger            |    28 |       ||    28
       Rapier            |     9 |    54 ||    63
 Cast: Confuse           |       |     3 ||     3
  Use: Potion            |       |     3 ||     3
 Stab: Sleeping          |     5 |     1 ||     6
Armor: Robe              |     5 |       ||     5
Dodge: Dodged            |    25 |    82 ||   107
